 Dungeon Crawl Stone Soup version 0.30.1-3-gfc49f6343a (webtiles) character file.

Game seed: 11985666142040071961

107 coffeetime the Trooper (level 4, -1/38 HPs)
             Began as a Demonspawn Gladiator on July 25, 2023.
             Slain by a river rat (8 damage)
             ... in a sewer.
             The game lasted 00:05:21 (1838 turns).

coffeetime the Trooper (Demonspawn Gladiator)       Turns: 1838, Time: 00:05:22

Health: -1/38      AC:  9    Str: 17    XL:     4   Next: 57%
Magic:  4/4        EV:  8    Int:  9    God:
Gold:   83         SH:  0    Dex: 14    Spells: 3/3 levels left

rFire   . . .        a - +0 quarterstaff
rCold   + . .        (shield currently unavailable)
rNeg    . . .        s - +0 chain mail
rPois   .            c - +0 helmet
rElec   .            (no cloak)
rCorr   +            (no gloves)
SInv    .            (no boots)
Will    .....        (no amulet) Stlth
                     f - ring of resist corrosion
HPRegen 0.26/turn    j - ring of protection from cold
MPRegen 0.09/turn

%: no passive effects
@: flying
A: demonic guardian 1, demonic magic 1, demonic touch 1
a: no special abilities


You were in a sewer.
You visited 1 branch of the dungeon, and saw 3 of its levels.
You also visited: Sewer.

You collected 83 gold pieces.

Inventory:

Hand Weapons
 a - a +0 quarterstaff (weapon)
Missiles
 d - 3 throwing nets
 e - a javelin
 i - 9 stones (quivered)
 r - 3 poisoned darts
Armour
 b - a +0 leather armour
 c - a +0 helmet (worn)
 s - a +0 chain mail (worn)
Jewellery
 f - a ring of resist corrosion (left hand)
 j - a ring of protection from cold (right hand)
 q - a ring of wizardry
Wands
 m - a wand of polymorph (3)
Scrolls
 g - a scroll of teleportation {unknown}
 k - a scroll of blinking {unknown}
 o - a scroll of fear {unknown}
 p - a scroll of identify {unknown}
Potions
 l - a potion of degeneration {unknown}
 n - a potion of ambrosia {unknown}


   Skills:
 + Level 4.9 Fighting
 - Level 2.6 Staves
 - Level 1.7 Throwing
 - Level 2.6 Dodging


You had 3 spell levels left.
You didn't know any spells.
Your spell library contained the following spells:

 Spells                   Type           Power      Damage    Failure   Level
 Vhi's Electric Charge    Tloc/Air       0%         N/A       100%        3
 Arcjolt                  Conj/Air       0%         1d10      100%        5
 Maxwell's Capacitive Co  Air            0%         ∞         100%        8


Dungeon Overview and Level Annotations

Branches:
Dungeon (3/15)              Sewer (1/1)

Altars:

Annotations:
D:2 Sigmund


Innate Abilities, Weirdness & Mutations

A weak demonic guardian rushes to your aid.
Spells you cast may paralyse adjacent enemies.
Your touch may inflict minor irresistible damage on your foes.


Message History

You closely miss the kobold.
The kobold hits you but does no damage. x2
You hit the kobold.
The kobold is moderately wounded.
The kobold hits you but does no damage. x2
You sock the kobold!
You kill the kobold!
The kobold barely misses you. The kobold hits you with a +0 whip.
You closely miss the river rat. The kobold hits you but does no damage.
The river rat barely misses you.
You completely miss the river rat. The river rat bites you.
The kobold hits you with a +0 whip. The river rat closely misses you.
You closely miss the river rat. The river rat barely misses you.
The kobold hits you but does no damage. The river rat bites you.
You barely miss the river rat. The river rat bites you!
The kobold barely misses you. The river rat barely misses you.
You completely miss the river rat. The river rat barely misses you.
The kobold barely misses you. The river rat closely misses you.
You hit the river rat.
The river rat is moderately wounded.
The river rat closely misses you. The kobold hits you with a +0 whip.
The river rat completely misses you. The river rat barely misses you. x3
The kobold hits you with a +0 whip. The river rat misses you.
You barely miss the river rat.
The river rat is moderately wounded.
The river rat bites you.
A demonic guardian appears!
The kobold hits you with a +0 whip. The river rat bites you.
* * * LOW HITPOINT WARNING * * *
The river rat bites you.
* * * LOW HITPOINT WARNING * * *
Okay, then.
The river rat attacks as you move away! The river rat bites you.
* * * LOW HITPOINT WARNING * * *
The kobold hits you but does no damage.
Your shadow imp hits the river rat but does no damage.
Things that are here:
a +0 club; a kobold corpse It was a potion of flight.
You feel very buoyant.
You fly up into the air.
The river rat bites you!
You die...

# ##### # #### ##...####
≈≈## ######..###......##
≈≈#?.#..#...............
≈≈#....@#...........†...
≈≈##...Kr.5.............
≈≈#.....#r..~~~~........
≈≈#).#..#~~~~~~~~.~~~~..
≈≈#######≈≈≈≈≈≈≈~~~~.~..
≈ #≈≈≈≈≈≈≈≈≈≈~~~~~
≈≈≈≈≈≈≈≈≈≈≈≈≈≈~~
≈#≈≈≈≈≈≈≈≈≈≈≈~~~~
≈≈≈≈≈≈≈~~~


You could see 2 river rats, a kobold and a friendly shadow imp (summoned).

Vanquished Creatures
  An adder (D:3)
  A white imp (D:3)
  2 worms (D:3)
  4 dart slugs
  An orc (D:3)
  8 ball pythons
  2 endoplasms (D:1)
  6 giant cockroaches
  6 hobgoblins
  5 quokkas
  7 bats
  4 frilled lizards
  7 goblins
  5 kobolds
  13 rats
72 creatures vanquished.

Vanquished Creatures (collateral kills)
  A kobold (Sewer)
1 creature vanquished.

Grand Total: 73 creatures vanquished

Notes
Turn   | Place    | Note
-------+----------+-------------------------------------------
     0 | D:1      | coffeetime the Demonspawn Gladiator began the quest for the
                  | Orb.
     0 | D:1      | Reached XP level 1. HP: 16/16 MP: 1/1
    90 | D:1      | Gained mutation: Spells you cast may paralyse adjacent
                  | enemies. [demonic ancestry]
    90 | D:1      | Reached XP level 2. HP: 20/23 MP: 2/2
   154 | D:1      | Reached skill level 3 in Fighting
   427 | D:1      | Gained mutation: Your touch may inflict minor irresistible
                  | damage on your foes. [demonic ancestry]
   427 | D:1      | Reached XP level 3. HP: 29/29 MP: 3/3
  1096 | D:2      | Reached skill level 4 in Fighting
  1214 | D:2      | Noticed Sigmund
  1381 | D:3      | Gained mutation: A weak demonic guardian rushes to your
                  | aid. [demonic ancestry]
  1381 | D:3      | Reached XP level 4. HP: 32/38 MP: 4/4
  1646 | D:3      | Found a glowing drain.
  1650 | Sewer    | Entered a sewer
  1838 | Sewer    | Slain by a river rat

Illustrated notes

Levels and vault maps discovered:
D:1:      lightli_arrival_farm, layout_loops_cross, grunt_decor_cap
D:2:      layout_basic, minmay_misc_feat_iff, kennysheep_jessica_study,
          uniq_sigmund
D:3:      layout_basic, gup_sewer_entry_spiral, minmay_guardbox
Sewer:    sewer_minmay_treatment

Skill      XL: |  1  2  3 |
---------------+----------+-----
Fighting       | 3 4 |  4.9
Staves         | |  2.6
Throwing       | |  1.7
Dodging        | |  2.6

Action                     |  1- 3 |  4- 6 || total
---------------------------+-------+-------++-------
  Melee: Quarterstaff      |   126 |    82 ||   208
    Use: Potion            |       |     1 ||     1
   Stab: Sleeping          |       |     1 ||     1
 Armour: Leather armour    |    44 |    14 ||    58
         Chain mail        |       |    11 ||    11
  Dodge: Dodged            |   110 |    62 ||   172
